[Event "Live Chess"]
[Site "Chess.com"]
[Date "2023.05.20"]
[Round "-"]
[White "omisoc"]
[Black "onemoretime1975"]
[Result "1-0"]
[WhiteElo "2198"]
[BlackElo "1913"]
[TimeControl "300"]
[EndTime "12:25:56 PDT"]
[Termination "omisoc won by resignation"]

1. b3 e5 2. e3 g6 3. Bb2 Bg7 4. f4 d6 5. Nf3 Nc6 6. Bb5 f6 7. O-O a6 8. Bxc6+ bxc6 9. d4 e4 10. Nfd2 d5 11. c4 f5 12. Ba3 Bf8 13. Bxf8 Kxf8 14.
cxd5 cxd5 15. Nc3 Nf6 16. Rc1 Qd6 17. Na4 Ng4 18. Qe1 Bd7 19. h3 Nf6 20. Nc5 Bb5 21. Rf2 Nd7 22. a4 Bc6 23. g4 h5 24. g5 Kg7 25. b4 Rhb8 26. Ndb3 Rb6 27. Rfc2 Rab8 28.
Na5 Rxb4 29. Nxc6 Nxc5 30. Nxb4 1-0

[Event "Live Chess"]
[Site "Chess.com"]
[Date "2023.05.20"]
[Round "-"]
[White "chessleanstrategist"]
[Black "AttackingSnowLeopard"]
[Result "0-1"]
[WhiteElo "400"]
[BlackElo "2018"]
[TimeControl "300"]
[EndTime "12:25:58 PDT"]
[Termination "AttackingSnowLeopard won by checkmate"]

1. c4 e5 2. g3 Nf6 3. Bg2 c6 4. Nc3 d5 5. cxd5 cxd5 6. d4 e4 7. e3 Nc6 8. Nge2 Bg4 9. Qc2 Be7 10. O-O Qd7 11. b3 O-O 12. Bb2 Bh3 13. Bxh3 Qxh3 14. Nf4 Qf5 15. a3 g5 16. Ng2 Qh3 17. b4 Ng4 18. Ne1 Qxh2# 0-1

[Event "Live Chess"]
[Site "Chess.com"]
[Date "2023.05.20"]
[Round "-"]
[White "ameetghasi100"]
[Black "martynstanley"]
[Result "1-0"]
[WhiteElo "2711"]
[BlackElo "991"]
[TimeControl "300"]
[EndTime "12:26:11 PDT"]
[Termination "ameetghasi100 won by checkmate"]

1. d4 e6 2. c4 d5 3. Nc3 c5 4.
Nf3 Nc6 5. cxd5 exd5 6. e3 Qb6 7.
dxc5 Bxc5 8. Bd3 d4 9. exd4 Nxd4 10. O-O Nxf3+ 11. Qxf3 Qc6 12. Bb5 Qxb5 13. Nxb5 Ne7 14.
Nc7+ Kd7 15. Nxa8 b6 16. Rd1+ Bd6 17. Bf4 Bb7 18. Qxb7+ Ke6 19. Rxd6+ Kf5 20. Qxe7 f6 21. Qe6+ Kxf4 22. Rd4+ Kg5 23. Rg4+ Kh6 24. Qf5 g6 25. Qxf6 Rxa8 26. Rh4# 1-0

[Event "Live Chess"]
[Site "Chess.com"]
[Date "2023.05.20"]
[Round "-"]
[White "zdanevych"]
[Black "ViktorTheCoolBoy"]
[Result "0-1"]
[WhiteElo "1513"]
[BlackElo "2528"]
[TimeControl "300"]
[EndTime "12:26:18 PDT"]
[Termination "ViktorTheCoolBoy won by resignation"]

1. d4 Nf6 2. c4 e6 3. Nc3 Bb4 4.
a3 Bxc3+ 5. bxc3 b6 6. Nf3 Bb7 7. Bg5 h6 8. Bh4 d6 9. h3 Nbd7 10. e3 g5 11. Bg3 Qe7 12. Bd3 Ne4 13. Bxe4 Bxe4 14. O-O f5 15. Nd2 Bb7 16. c5 bxc5 17. dxc5 Nxc5 18. Nb3 Ne4 19. Bh2 h5 20. f3 Nf6 21.
Nd4 g4 22. fxg4 hxg4 23. Qa4+ Qd7 24. Qxd7+ Kxd7 25. hxg4 Nxg4 26. Bg3 Nxe3 27. Rf2 Rag8 28. Raa2 0-1

[Event "Live Chess"]
[Site "Chess.com"]
[Date "2023.05.20"]
[Round "-"]
[White "Zeraora719"]
[Black "Brooms1989"]
[Result "0-1"]
[WhiteElo "731"]
[BlackElo "1019"]
[TimeControl "300"]
[EndTime "12:26:20 PDT"]
[Termination "Brooms1989 won - game abandoned"]

1. e4 e5 2. Bc4 Nf6 3. d3 Nc6 4.
Bf4 exf4 5. g4 fxg3 6. hxg3 Bc5 7. f4 d5 8. e5 dxc4 9. exf6 Qxf6 10. dxc4 O-O 11.
Nc3 Re8+ 12. Nce2 Bg4 13. Qd2 Qxb2 14. Nf3 Bxf3 15. Qc1 Qc3+ 0-1

[Event "Live Chess"]
[Site "Chess.com"]
[Date "2023.05.20"]
[Round "-"]
[White "AdamOwls"]
[Black "john_chandler"]
[Result "1-0"]
[WhiteElo "1948"]
[BlackElo "804"]
[TimeControl "300"]
[EndTime "12:26:41 PDT"]
[Termination "AdamOwls won by checkmate"]

1. e4 c6 2. d4 d5 3. exd5 cxd5 4. Bd3 Nc6 5. c3 Nf6 6. h3 g6 7. Nf3 Bg7 8. Bg5 O-O 9. O-O e6 10. Re1 Ne4 11. Bxd8 Rxd8 12. Bxe4 dxe4 13. Rxe4 b6 14.
Nbd2 Bb7 15. Re2 Ne7 16. Qe1 Bd5 17. Ne5 Nf5 18. Ne4 Bc4 19. Nxc4 Rac8 20. b3 b5 21. Ne5 Nd6 22. Nxd6 Rxd6 23. Rd1 Rxc3 24. Nxf7 Rdc6 25. Ng5 Bh6 26. Nxe6 Rc1 27. d5 Rc8 28. d6 b4 29.
d7 Rxd1 30. Qxd1 Rc1 31. Qxc1 Bxc1 32. d8=Q+ Kf7 33. Qf8# 1-0

[Event "Live Chess"]
[Site "Chess.com"]
[Date "2023.05.20"]
[Round "-"]
[White "Salpingidis"]
[Black "wot-not"]
[Result "1-0"]
[WhiteElo "2302"]
[BlackElo "1482"]
[TimeControl "300"]
[EndTime "12:26:43 PDT"]
[Termination "Salpingidis won by resignation"]

1. d4 Nf6 2. c4 c5 3. d5 d6 4.
Nc3 e5 5. e4 Be7 6. Nf3 Nbd7 7.
Bd3 Nf8 8. O-O Ng6 9. a3 O-O 10.
b4 b6 11. Be3 h6 12. Qd2 Nh7 13.
bxc5 bxc5 14. Rfb1 Bg4 15. Ne1 Bg5 16. Bxg5 Qxg5 17. Qxg5 Nxg5 18. f3 Bc8 19. Nb5 f5 20. Nc7 fxe4 21. Bxe4 Bf5 22. Bxf5 Rxf5 23. Nxa8 1-0

[Event "Live Chess"]
[Site "Chess.com"]
[Date "2023.05.20"]
[Round "-"]
[White "Woodpusher500"]
[Black "ReceptiveCamel"]
[Result "1-0"]
[WhiteElo "1231"]
[BlackElo "686"]
[TimeControl "300"]
[EndTime "12:26:45 PDT"]
[Termination "Woodpusher500 won by checkmate"]

1. e4 e5 2. Nc3 Nc6 3. Bc4 Nf6 4. d3 Bc5 5. Nf3 Ng4 6. O-O Nxf2 7. Rxf2 Bxf2+ 8.
Kxf2 O-O 9. Bg5 h6 10. Bxd8 Rxd8 11. d4 exd4 12. Nxd4 Nxd4 13. Qxd4 b6 14. Qd5 c6 15. Qxf7+ Kh8 16. Rf1 Bb7 17. Kg1 c5 18. e5 b5 19.
Bd5 Bxd5 20. Nxd5 Rf8 21. Qxf8+ Rxf8 22. Rxf8+ Kh7 23. Rd8 c4 24. Rxd7 b4 25. e6 b3 26.
axb3 cxb3 27. cxb3 Kg6 28. e7 Kf5 29. e8=Q Kg5 30.
Nb4 a5 31. Nc6 a4 32. bxa4 g6 33. Qe5+ Kh4 34. Rd4# 1-0

[Event "Live Chess"]
[Site "Chess.com"]
[Date "2023.05.20"]
[Round "-"]
[White "MartinWalker4"]
[Black "mliszewski"]
[Result "1-0"]
[WhiteElo "2089"]
[BlackElo "1886"]
[TimeControl "300"]
[EndTime "12:26:50 PDT"]
[Termination "MartinWalker4 won by resignation"]

1. e4 c6 2. d4 d5 3. exd5 cxd5 4. c4 Nf6 5. Nc3 g6 6. Qb3 Bg7 7. cxd5 O-O 8. Be2 Nbd7 9. Bf3 Nb6 10. Nge2 Bg4 11. Bxg4 Nxg4 12. O-O Nf6 13. Nf4 Qd6 14. Be3 a5 15. Rac1 a4 16. Qd1 Nbxd5 17. Nfxd5 Nxd5 18. Qf3 Nxe3 19. fxe3 b6 20. Qd5 Qb4 21. Qb5 Qxc3 22. Rxc3 1-0

[Event "Live Chess"]
[Site "Chess.com"]
[Date "2023.05.20"]
[Round "-"]
[White "rideuv21"]
[Black "Ocelot32"]
[Result "1-0"]
[WhiteElo "1833"]
[BlackElo "1389"]
[TimeControl "300"]
[EndTime "12:26:55 PDT"]
[Termination "rideuv21 won by checkmate"]

1. e4 e6 2. d4 d5 3. Nc3 dxe4 4. Nxe4 Nd7 5. Nf3 Ngf6 6. Bg5 Be7 7. Bxf6 Nxf6 8.
Bd3 b6 9. Qe2 Bb7 10. O-O-O O-O 11. h4 Qc8 12. h5 h6 13. Rdg1 c5 14. dxc5 Bxc5 15. g4 Nxe4 16. Bxe4 Bxe4 17. Qxe4 Bxf2 18.
Rg2 Qc5 19. g5 Be3+ 20. Kb1 Rac8 21. gxh6 Bxh6 22. Rhg1 Qxh5 23. Rh2 Qc5 24. Rxh6 g6 25.
Rhxg6+ fxg6 26. Qxg6+ Kh8 27. Qg7# 1-0

[Event "Live Chess"]
[Site "Chess.com"]
[Date "2023.05.20"]
[Round "-"]
[White "ChippyChill"]
[Black "gggoodgamebroski"]
[Result "0-1"]
[WhiteElo "422"]
[BlackElo "507"]
[TimeControl "300"]
[EndTime "12:26:55 PDT"]
[Termination "gggoodgamebroski won by resignation"]

1. e4 d5 2. e5 Bf5 3. Bd3 Bxd3 4. cxd3 e6 5. Nc3 c6 6. Nf3 f6 7. exf6 Qxf6 8. Nd4 Qxd4 9. O-O Bd6 10. Qh5+ g6 11.
Qxg6+ 0-1

[Event "Live Chess"]
[Site "Chess.com"]
[Date "2023.05.20"]
[Round "-"]
[White "JoshMcK"]
[Black "Stanbad1"]
[Result "0-1"]
[WhiteElo "1564"]
[BlackElo "2432"]
[TimeControl "300"]
[EndTime "12:27:00 PDT"]
[Termination "Stanbad1 won by resignation"]

1. e4 e6 2. d4 d5 3. Nc3 Nf6 4. e5 Nfd7 5. f4 c5 6. Nf3 Nc6 7. Be3 a6 8. a3 b5 9. Bd3 c4 10.
Be2 Nb6 11. O-O Rb8 12. Qe1 Na7 13. h3 a5 14. b4 axb4 15. axb4 Qc7 16. Nd1 Na4 17. c3 g6 18. Qd2 h5 19. Nb2 Nxc3 20. Qxc3 Nc6 21. Rfb1 Bxb4 22. Qc2 Be7 23. Nd1 b4 24. Qd2 c3 25. Qc2 Na5 26. Nxc3 O-O 27. Qa4 Qxc3 28. Qxa5 Qxe3+ 29. Kf1 Bd7 30. Qc7 Rfd8 31. Rb2 Rbc8 32. Qa5 Rc1+ 33. Ne1 Qxf4+ 34. Bf3 Rxa1 35. Qxa1 Qxd4 36. Qb1 Bb5+ 37. Be2 Bxe2+ 38. Rxe2 Bc5 39. Nf3 Qf4 40. Qd3 Bf8 41. Kf2 Rc8 42. g3 Qc1 43. Re1 Qc2+ 44. Qxc2 Rxc2+ 45. Re2 b3 46. Nd4 Bc5 47. Rxc2 bxc2 48. Ke2 c1=Q 0-1

[Event "Live Chess"]
[Site "Chess.com"]
[Date "2023.05.20"]
[Round "-"]
[White "LanceMaster23"]
[Black "alanmike75"]
[Result "1-0"]
[WhiteElo "1865"]
[BlackElo "1529"]
[TimeControl "300"]
[EndTime "12:27:10 PDT"]
[Termination "LanceMaster23 won by resignation"]

1. Nf3 Nf6 2. d4 d5 3. Bf4 e6 4. e3 Bd6 5. Bg3 O-O 6. Nbd2 b6 7. c3 Bb7 8. Be2 Nc6 9. O-O Ne7 10. Re1 Nf5 11. Qc2 Nxg3 12. hxg3 Ne4 13. Nxe4 dxe4 14. Nd2 f5 15. Bc4 Bd5 16. Qb3 Be7 17. Bxd5 exd5 18. c4 c6 19. Rac1 Kh8 20. cxd5 cxd5 21. Rc6 Qd7 22. Rec1 Rac8 23. Rxc8 Rxc8 24. Rxc8+ Qxc8 25. Qxd5 Qc1+ 26. Nf1 Qc8 27. Qf7 Qf8 28. Qxf8+ Bxf8 29. g4 g6 30. gxf5 gxf5 31. g4 fxg4 32. Ng3 Kg7 33.
Nxe4 Kg6 34. Nc3 h5 35. e4 Kg5 36. Ne2 h4 37. Kg2 Bb4 38. f4+ gxf3+ 39. Kxf3 Bd2 40. d5 Kf6 41. Nd4 Bc1 42. b3 a5 43. Nc6 Bb2 44. a4 Bc3 45. Kg4 Be1 46. e5+ Kf7 47. e6+ Ke8 48.
d6 1-0

[Event "Live Chess"]
[Site "Chess.com"]
[Date "2023.05.20"]
[Round "-"]
[White "Tushinskiy"]
[Black "LutherSullivan"]
[Result "0-1"]
[WhiteElo "2093"]
[BlackElo "1940"]
[TimeControl "300"]
[EndTime "12:27:12 PDT"]
[Termination "LutherSullivan won - game abandoned"]

1. d4 Nf6 2. c3 d5 3. Nf3 e6 4.
Bf4 c5 5. Bg3 Nc6 6. e3 Ne4 7. Bd3 Nxg3 8. hxg3 h6 9. Nbd2 Be7 10. Qe2 Qb6 11. O-O-O Bd7 12. Kb1 a5 13.
e4 cxd4 14. exd5 dxc3 15. Nc4 Qb4 16. dxc6 Bxc6 17. Nfe5 Bd5 18. a3 Qc5 19. Rc1 cxb2 0-1

[Event "Live Chess"]
[Site "Chess.com"]
[Date "2023.05.20"]
[Round "-"]
[White "Greenbecker"]
[Black "Conradical12"]
[Result "0-1"]
[WhiteElo "1606"]
[BlackElo "1575"]
[TimeControl "300"]
[EndTime "12:27:15 PDT"]
[Termination "Conradical12 won by checkmate"]

1. e4 e5 2. Nf3 Nc6 3. Bb5 Nf6 4. O-O Bc5 5. Re1 Ng4 6. Rf1 O-O 7. h3 f5 8. hxg4 fxg4 9. Bxc6 gxf3 10. Bd5+ Kh8 11.
d3 c6 12. Bb3 Qh4 13. gxf3 Qg3+ 14. Kh1 Qh3+ 15. Kg1 Rxf3 16. Qxf3 Qxf3 17. Be3 Bxe3 18. fxe3 Qxe3+ 19. Kh1 Qc5 20. Nc3 a5 21. Na4 Qe7 22.
Nb6 Rb8 23. Rf7 Qh4+ 24. Kg2 Qg4+ 25. Kf2 Qh4+ 26. Kf1 h5 27. Rf8+ Kh7 28. Ke2 Qg4+ 29. Kd2 Qg2+ 30. Kc3 d6 31. Rxc8 Rxc8 32. Nxc8 Qf2 33.
Rd1 b5 34. a3 c5 35. Be6 h4 36.
Bf5+ g6 37. Be6 h3 38. Bxh3 Qf3 39. Be6 Qxd1 40. Nxd6 Qe1+ 41. Kb3 b4 42. axb4 Qxb4+ 43. Ka2 g5 44. Bf5+ Kh6 45. Nf7+ Kh5 46. Nxe5 Kh4 47.
Nf3+ Kg3 48. Nxg5 Kf2 49. c3 Qa4+ 50. Kb1 Ke1 51. Nf3+ Ke2 52. Ne5 Kd1 53. Bg4+ Kd2 54.
Bh3 Qc2+ 55. Ka2 a4 56. Be6 Kc1 57. Nc4 Qb1+ 58. Ka3 Qa1# 0-1

[Event "Live Chess"]
[Site "Chess.com"]
[Date "2023.05.20"]
[Round "-"]
[White "domrobson"]
[Black "Wild_Tiger"]
[Result "1-0"]
[WhiteElo "1723"]
[BlackElo "1057"]
[TimeControl "300"]
[EndTime "12:27:15 PDT"]
[Termination "domrobson won by checkmate"]

1. d4 d5 2. c4 c6 3. Nf3 Bg4 4. Ne5 Bh5 5. Qb3 Nf6 6. cxd5 Qxd5 7. Qxb7 Qxd4 8. Qxa8 Qxe5 9. Nc3 e6 10. e3 Bb4 11. Bd2 O-O 12. Qxa7 Nd5 13. Bd3 Bxc3 14. bxc3 Nxc3 15. O-O Ne2+ 16. Bxe2 Bxe2 17. Rfc1 Bb5 18. Bc3 Qg5 19. Qd4 Rd8 20. h4 Qe7 21. Qxg7# 1-0

[Event "Live Chess"]
[Site "Chess.com"]
[Date "2023.05.20"]
[Round "-"]
[White "xx_blindpuffin_xx"]
[Black "OSmith06"]
[Result "1-0"]
[WhiteElo "2215"]
[BlackElo "1677"]
[TimeControl "300"]
[EndTime "12:27:21 PDT"]
[Termination "xx_blindpuffin_xx won by resignation"]

1. d4 Nf6 2. Bf4 e6 3. e3 d5 4. Nf3 c5 5. c3 Nc6 6. Nbd2 Bd6 7. Bg3 O-O 8. Bd3 a6 9. e4 cxd4 10. e5 dxc3 11. bxc3 Nxe5 12. Nxe5 Qa5 13. Qc2 d4 14.
Ndc4 Qxc3+ 15. Qxc3 dxc3 16. Nxd6 1-0

[Event "Live Chess"]
[Site "Chess.com"]
[Date "2023.05.20"]
[Round "-"]
[White "LiamClery2020"]
[Black "jennybobby44"]
[Result "1-0"]
[WhiteElo "2085"]
[BlackElo "1871"]
[TimeControl "300"]
[EndTime "12:27:32 PDT"]
[Termination "LiamClery2020 won by checkmate"]

1. e4 c5 2. Nf3 d6 3. Bb5+ Bd7 4.
Bxd7+ Qxd7 5. O-O e6 6. Re1 Nc6 7. c3 g6 8. d4 cxd4 9. cxd4 Bg7 10. Nc3 a6 11. Be3 Nge7 12. Na4 Rb8 13. Nb6 Qd8 14. d5 Ne5 15. Nxe5 Bxe5 16. Qa4+ Kf8 17. Nd7+ Kg7 18. Nxb8 Qxb8 19. f4 Bxb2 20. Bd4+ Bxd4+ 21. Qxd4+ f6 22. dxe6 Rd8 23. Qb2 b5 24. e5 dxe5 25. fxe5 f5 26. Rad1 Rxd1 27. Rxd1 Qb6+ 28. Kf1 Qxe6 29. Qd4 Qxa2 30.
e6+ Kh6 31. Qh4+ Kg7 32. Qxe7+ Kh6 33. Qh4+ Kg7 34. Rd7+ Kf8 35. Qd8# 1-0

[Event "Live Chess"]
[Site "Chess.com"]
[Date "2023.05.20"]
[Round "-"]
[White "Delacorta"]
[Black "mikeybaby1986"]
[Result "1-0"]
[WhiteElo "1422"]
[BlackElo "1288"]
[TimeControl "300"]
[EndTime "12:28:06 PDT"]
[Termination "Delacorta won by resignation"]

1. d4 d5 2. Nf3 Nc6 3. e3 Bg4 4. Bd3 e5 5. dxe5 Nxe5 6. Be2 Qf6 7. Nbd2 O-O-O 8. Nxe5 Bxe2 9. Qxe2 Qxe5 10. Nf3 Qf6 11. O-O Bc5 12. Rb1 Nh6 13. b4 Bb6 14. Bb2 Qe6 15.
a4 d4 16. a5 Ng4 17. axb6 dxe3 18. bxa7 exf2+ 19. Rxf2 Kd7 20. Qxe6+ Kxe6 21. Re2+ Kf5 22. Rf1 Kg6 23. Ne5+ Nxe5 24. Rxe5 f6 25. Re7 1-0

[Event "Live Chess"]
[Site "Chess.com"]
[Date "2023.05.20"]
[Round "-"]
[White "Richardallis"]
[Black "apl_trainer"]
[Result "1-0"]
[WhiteElo "1752"]
[BlackElo "1645"]
[TimeControl "300"]
[EndTime "12:28:07 PDT"]
[Termination "Richardallis won by resignation"]

1. d4 Nf6 2. Nf3 c5 3. c3 d5 4. Bg5 Ne4 5. Bf4 Qb6 6. Qb3 c4 7. Qxb6 axb6 8. Nbd2 Nf6 9. a3 Bf5 10. g3 e6 11. Bg2 Nc6 12. O-O h6 13. Nh4 Bh7 14. Nhf3 b5 15. Rac1 Be7 16. Be5 Nxe5 17.
Nxe5 Nd7 18. Nxd7 Kxd7 19. e4 Kd6 20. Rfe1 Rhe8 21. Re2 g5 22. Rce1 g4 23. exd5 exd5 24. Bxd5 Bd3 25. Re5 Bg5 26. Rxe8 Rxe8 27. Rxe8 Kxd5 28.
Nf1 Bc1 29. Re5+ Kc6 30. Rc5+ Kb6 31. Ne3 Bxb2 32. Nd5+ Ka5 33. Nc7 Bxc3 34. Rxb5+ Ka4 35. Rxb7 Bxd4 36. Nd5 c3 37. Rb4+ Kxa3 38. Rxd4 c2 39. Rxd3+ 1-0

[Event "Live Chess"]
[Site "Chess.com"]
[Date "2023.05.20"]
[Round "-"]
[White "LaupMiths"]
[Black "JohanKjeldahl"]
[Result "0-1"]
[WhiteElo "1814"]
[BlackElo "1791"]
[TimeControl "300"]
[EndTime "12:28:09 PDT"]
[Termination "JohanKjeldahl won by resignation"]

1. e4 c5 2. f4 Nc6 3. Nc3 e6 4. Bc4 a6 5. a4 Qc7 6. d3 g6 7. Nf3 Bg7 8. O-O Nge7 9. Be3 b6 10.
Qe1 Nd4 11. Rc1 Bb7 12. g4 O-O-O 13. f5 gxf5 14. gxf5 Nxf3+ 15. Rxf3 Be5 16. f6 Rhg8+ 17. Kh1 Ng6 18. Qf2 d5 19. exd5 exd5 0-1

[Event "Live Chess"]
[Site "Chess.com"]
[Date "2023.05.20"]
[Round "-"]
[White "azimchess2019"]
[Black "bigedd"]
[Result "1-0"]
[WhiteElo "1376"]
[BlackElo "713"]
[TimeControl "300"]
[EndTime "12:28:16 PDT"]
[Termination "azimchess2019 won by resignation"]

1. d4 d5 2. c4 dxc4 3. e4 e6 4. Nc3 Nc6 5. Be3 Bb4 6. f3 Nge7 7. Bxc4 O-O 8. Ne2 Re8 9. O-O e5 10. d5 h6 11. dxc6 Nxc6 12. Qxd8 Rxd8 13. Rad1 Bxc3 14. Nxc3 Be6 15. Bxe6 fxe6 16. Nb5 Rxd1 17. Rxd1 a6 18. Nxc7 Rc8 19. Nxe6 Nb4 20. Rd7 Nxa2 21. Rxg7+ Kh8 22. Bxh6 Rc6 23. Re7 Rxe6 24. Rxe6 Kh7 25. Bg5 Nb4 26.
Rxe5 Nd3 27. Re7+ Kg6 28. Be3 Nxb2 29. Rxb7 Nc4 30. Bf2 1-0

[Event "Live Chess"]
[Site "Chess.com"]
[Date "2023.05.20"]
[Round "-"]
[White "Greenbecker"]
[Black "OSmith06"]
[Result "1-0"]
[WhiteElo "1627"]
[BlackElo "1667"]
[TimeControl "300"]
[EndTime "12:28:18 PDT"]
[Termination "Greenbecker won by resignation"]

1. e4 c6 2. d4 d5 3. exd5 cxd5 4. Nf3 Nc6 5. Bd3 Bg4 6. c3 e5 7. dxe5 Nxe5 8. Qe2 Qe7 9. Qxe5 Bxf3 10. Qxe7+ Bxe7 11. gxf3 1-0

[Event "Live Chess"]
[Site "Chess.com"]
[Date "2023.05.20"]
[Round "-"]
[White "GMHarry-youtube"]
[Black "GEMdzq"]
[Result "0-1"]
[WhiteElo "2104"]
[BlackElo "2257"]
[TimeControl "300"]
[EndTime "12:28:20 PDT"]
[Termination "GEMdzq won by checkmate"]

1. e4 d6 2. d4 Nf6 3. Nc3 g6 4.
f4 Bg7 5. Bd3 O-O 6. h3 Na6 7.
a3 c5 8. d5 Nc7 9. Be3 b5 10.
b4 c4 11. Be2 e6 12. Nf3 exd5 13. exd5 Re8 14. Bd4 Bb7 15. O-O Nfxd5 16. Bxg7 Kxg7 17. Qd4+ Qf6 18. Nxd5 Nxd5 19. Rae1 Ne3 20. Rf2 Nxc2 21.
Qxf6+ Kxf6 22. Rc1 Ne3 23. g4 h5 24. g5+ Kg7 25.
Nd4 a6 26. a4 Re4 27. Nc2 Nxc2 28. Rxc2 Rd4 29. a5 Re8 30. Kf1 Re3 31. h4 Rh3 32.
Ke1 Rh1+ 33. Bf1 Rxh4 34. f5 Rhe4+ 35. Rfe2 Rxe2+ 36. Bxe2 gxf5 37. Bxh5 Be4 38. Rc3 Bd3 39. Kd2 Rh4 40. Bd1 d5 41. Rc1 d4 42. Ra1 Rh2+ 43. Kc1 c3 44. g6 fxg6 45. Ra3 Bc4 46. Kb1 Rh1 47. Kc2 d3+ 48. Kxc3 Rxd1 49. Kb2 Rh1 50. Rc3 d2 51. Rc2 d1=Q 52. Ka3 Qa1+ 53. Ra2 Qxa2# 0-1

[Event "Live Chess"]
[Site "Chess.com"]
[Date "2023.05.20"]
[Round "-"]
[White "thrithik"]
[Black "LodeshChess"]
[Result "0-1"]
[WhiteElo "381"]
[BlackElo "1020"]
[TimeControl "300"]
[EndTime "12:28:23 PDT"]
[Termination "LodeshChess won by checkmate"]

1. g3 d5 2. h3 e5 3. Nf3 Nc6 4. Nxe5 Nxe5 5. f4 Nc4 6. d3 Nb6 7. b4 Bxb4+ 8. Nc3 Bxc3+ 9. Bd2 Bxa1 10. Qxa1 Be6 11. Qb1 Ne7 12. Qb4 O-O 13. Bg2 Nc6 14. O-O Nxb4 15. Bxb4 Re8 16. Ba5 Qd6 17. Bc3 Na4 18.
Ba5 Qc5+ 19. Rf2 Qxa5 20. e4 Qe1+ 21. Kh2 Qxf2 22. Kh1 dxe4 23. dxe4 Nc3 24. a3 Ne2 25. Kh2 Qg1# 0-1

[Event "Live Chess"]
[Site "Chess.com"]
[Date "2023.05.20"]
[Round "-"]
[White "booktrunk"]
[Black "bristolunichess"]
[Result "0-1"]
[WhiteElo "1319"]
[BlackElo "1773"]
[TimeControl "300"]
[EndTime "12:28:33 PDT"]
[Termination "bristolunichess won by resignation"]

1. d4 Nf6 2. Nf3 g6 3. Bf4 Bg7 4. h3 d6 5. c3 O-O 6. e3 Qe8 7. Qc2 Nbd7 8. Bd3 e5 9. dxe5 dxe5 10. Bg5 e4 11. Bxf6 Nxf6 12. Bxe4 Nxe4 13. O-O Bf5 14. Qe2 Rd8 15. Na3 a6 16. Nc4 b5 17. Na5 c5 18.
Rad1 c4 19. g4 Bc8 20. Nd4 Nc5 21. Nac6 Rd6 22. Nb4 Bb7 23. a3 f5 24. gxf5 gxf5 25. f3 a5 26. Nbc2 Rg6+ 27. Kf2 Nd3+ 28. Rxd3 cxd3 29.
Qxd3 Be4 30. fxe4 fxe4+ 0-1

[Event "Live Chess"]
[Site "Chess.com"]
[Date "2023.05.20"]
[Round "-"]
[White "TobyQuaite"]
[Black "ramses-IIG"]
[Result "1-0"]
[WhiteElo "1693"]
[BlackElo "810"]
[TimeControl "300"]
[EndTime "12:28:46 PDT"]
[Termination "TobyQuaite won by checkmate"]

1. e4 d5 2. exd5 Qxd5 3. Nc3 Qe6+ 4. Qe2 Qg6 5. Nf3 Qxc2 6. Qd3 Qxd3 7. Bxd3 c6 8. O-O f6 9. Re1 e5 10. Bc2 Bb4 11.
d4 Nd7 12. a3 Bxc3 13. bxc3 Ne7 14. dxe5 fxe5 15. Nxe5 O-O 16. Bb3+ Kh8 17. Nf7+ Kg8 18. Rxe7 Nc5 19. Bc4 b5 20. Ba2 Nd3 21. Ne5+ Kh8 22. Nxd3 h6 23. Ne5 Rf5 24. Bxh6 gxh6 25. Ng6# 1-0

[Event "Live Chess"]
[Site "Chess.com"]
[Date "2023.05.20"]
[Round "-"]
[White "WilliamofOrange16th"]
[Black "atunnacl"]
[Result "0-1"]
[WhiteElo "1855"]
[BlackElo "1800"]
[TimeControl "300"]
[EndTime "12:28:53 PDT"]
[Termination "atunnacl won by checkmate"]

1. e4 c5 2. b4 cxb4 3. a3 bxa3 4. d4 d6 5. Nxa3 Nc6 6. Nf3 a6 7. c3 Nf6 8. Bd3 g6 9. O-O Bg7 10. Nc2 O-O 11. h3 e6 12. Be3 b5 13.
Qd2 Na5 14. Rfb1 Nc4 15. Bxc4 bxc4 16. Bh6 Nxe4 17. Qe3 Nxc3 18. Bxg7 Nxb1 19. Bxf8 Qxf8 20. Rxb1 a5 21. Qc3 d5 22. Ra1 a4 23. Ra3 Bd7 24. Ne5 Be8 25. Ne3 Rb8 26. Qc2 Qxa3 27. N3g4 Kg7 28.
Qd2 Kf8 29. Qg5 h5 30. Nxg6+ fxg6 31. Qf6+ Kg8 32. Nh6+ Kh7 33. g4 Qxh3 34. g5 Rb1# 0-1

[Event "Live Chess"]
[Site "Chess.com"]
[Date "2023.05.20"]
[Round "-"]
[White "chessfiction"]
[Black "Reggie016"]
[Result "1-0"]
[WhiteElo "2409"]
[BlackElo "1091"]
[TimeControl "300"]
[EndTime "12:28:57 PDT"]
[Termination "chessfiction won by checkmate"]

1. e4 e6 2. d4 d5 3. Nc3 Bb4 4. e5 Ne7 5. Qg4 O-O 6. Bd3 Ng6 7. Nf3 c5 8. h4 cxd4 9. h5 dxc3 10. Qxb4 cxb2 11.
Bxb2 Ne7 12. Rh3 Nbc6 13. Qg4 Nf5 14. Ba3 Re8 15. Kf1 Qb6 16. h6 g6 17. Qg5 Qd8 18.
Qf4 b5 19. g4 b4 20. gxf5 bxa3 21. fxg6 fxg6 22. Bxg6 hxg6 23. h7+ Kg7 24. Qh6+ Kf7 25. Ng5+ Ke7 26. Qg7# 1-0

[Event "Live Chess"]
[Site "Chess.com"]
[Date "2023.05.20"]
[Round "-"]
[White "JackRudd"]
[Black "Leonid_Starozhilov"]
[Result "1/2-1/2"]
[WhiteElo "2459"]
[BlackElo "2644"]
[TimeControl "300"]
[EndTime "12:28:59 PDT"]
[Termination "Game drawn by agreement"]

1. e4 Nc6 2. d4 d6 3. Nf3 Nf6 4. c4 Bg4 5. d5 Bxf3 6. gxf3 Nb8 7. Nc3 g6 8. f4 Bg7 9. e5 Nfd7 10. e6 fxe6 11.
dxe6 Nc5 12. Qg4 Qc8 13. f5 Bxc3+ 14. bxc3 gxf5 15. Qh5+ Kd8 16. Be3 Qxe6 17. Bh3 Qe4 18. Rg1 Qxc4 19. Bd4 Rf8 20. Qxh7 Nbd7 21. Bxf5 c6 22. Rd1 Kc7 23. Rg3 Rxf5 24. Qxf5 Rf8 25. Qc2 Ne6 26. Qb3 b5 27. Qxc4 bxc4 28. Re3 Nxd4 29. Rxd4 Ne5 30. Rxe5 dxe5 31. Rxc4 Kd6 32.
Ra4 Rh8 33. h4 Kd5 34. f3 c5 35. Kf2 c4 36. Kg3 Rg8+ 37. Kh3 Rg1 38. Rxa7 Ke6 39. Rc7 Ra1 40. Rxc4 Rxa2 41. Kg3 Kf5 42. Rc7 Kf6 43. c4 Ra3 44. Kg4 Ra1 45. Rc6+ e6 46. c5 Rg1+ 47. Kh3 Rf1 48. Kg2 Rc1 49. Rc8 Rc2+ 50. Kg3 Rc3 51. c6 e4 52. c7 Kg7 53. h5 exf3 54.
h6+ Kh7 55. Kf2 e5 56. Kg3 e4 57. Kf2 Rc2+ 58. Ke3 f2 59. Rf8 Rxc7 60. Rxf2 Kxh6 61. Kxe4 Rc5 1/2-1/2

[Event "Live Chess"]
[Site "Chess.com"]
[Date "2023.05.20"]
[Round "-"]
[White "MrBlond89"]
[Black "smoggyrabbit"]
[Result "0-1"]
[WhiteElo "1306"]
[BlackElo "1652"]
[TimeControl "300"]
[EndTime "12:29:03 PDT"]
[Termination "smoggyrabbit won by resignation"]

1. e4 e6 2. c3 d5 3. exd5 exd5 4.
d4 c6 5. Nf3 Bd6 6. Bd3 Ne7 7.
O-O O-O 8. Bg5 f6 9. Bh4 Bf5 10. Re1 Bxd3 11. Qxd3 Na6 12. Nbd2 Qd7 13. Bxf6 Rxf6 14.
Ng5 Qf5 15. Qxf5 Rxf5 16. Ndf3 h6 17. Ne6 Ng6 18. h4 Re8 19. Re2 Rf7 20. Rae1 Rfe7 21. h5 Nf8 22. Nxf8 Rxe2 23. Rxe2 Rxe2 24. Ng6 Rxb2 25.
Nge5 Rxa2 26. g4 Nc7 27. Nh4 a5 28. f4 a4 29. f5 a3 30. f6 gxf6 31. Nd7 Rc2 32.
Nxf6+ Kf7 33. Nf5 a2 0-1